Map: Acid Plant LE

Players

Nerchio - Winner!

  • Race: Zerg Zerg
  • Spawn Location: 11:00

GoGojOey

  • Race: Zerg Zerg
  • Spawn Location: 5:00

Event: WCS Montreal 2018

VOD

Have the link to the VOD?

Description

Time

  • Played on: Sept. 7, 2018, 3:31 p.m.
  • Length: 8:02

All games in this series

Show
View Real Time Build Order
Export as new Build Order

Nerchio Zerg - Winner!

Build Orders: Hatch First 

Get SALT Encoding   

  12  0:00  Drone  
  13  0:12  Overlord  
  13  0:17  Drone  
  14  0:30  Drone x2  
  16  0:48  Hatchery  
  15  0:51  Drone  
  15  0:55  Drone  
  17  0:58  Drone  
  18  1:05  Extractor  
  17  1:14  Spawning Pool  
  17  1:17  Drone  
  17  1:20  Drone  
  18  1:28  Drone  
  19  1:39  Overlord  
  19  1:49  Drone  
  20  2:01  Zergling x4, Queen x2  
  22  2:07  Metabolic Boost  
  26  2:11  Drone  
  26  2:14  Drone  
  28  2:21  Drone x2  
  30  2:37  Hatchery  
  29  2:44  Baneling Nest  
  29  2:46  Drone  
  29  2:48  Drone  
  29  2:51  Drone  
  31  2:57  Overlord  
  31  2:58  Drone  
  31  3:01  Drone  
  31  3:04  Zergling x2  
  34  3:08  Overlord  
  34  3:15  Queen  
  34  3:19  Zergling x4  
  37  3:23  Drone  
  37  3:24  Drone  
  37  3:26  Drone  
  40  3:29  Zergling x2  
  40  3:30  Baneling x2  
  41  3:35  Zergling x2  
  41  3:36  Zergling x2  
  41  3:39  Baneling x2  
  42  3:42  Zergling x6  
  42  3:47  Zergling x4  
  47  3:49  Baneling x2  
  47  3:50  Zergling x2  
  49  3:55  Zergling x2  
  49  3:59  Zergling x8  
  49  4:03  Zergling x4  
  49  4:07  Zergling x2  
  52  4:13  Roach Warren  
  52  4:14  Extractor  
  50  4:22  Drone x4  
  51  4:26  Drone  
  50  4:33  Drone x2  
  50  4:34  Drone  
  50  4:37  Evolution Chamber  
  49  4:40  Drone  
  48  4:49  Zergling x10  
  48  4:58  Roach x3  
  51  5:00  Queen  
  51  5:01  Roach  
  51  5:05  Roach  
  57  5:08  Zerg Missile Weapons Level 1  
  57  5:10  Overlord  
  57  5:13  Overlord  
  57  5:16  Overlord  
  57  5:25  Drone x2  
  57  5:28  Lair  
  57  5:34  Drone x5  
  57  5:35  Drone  
  63  5:41  Queen  
  64  5:45  Drone x2  
  64  5:46  Drone  
  67  5:55  Drone  
  67  5:56  Drone  
  69  5:58  Extractor  
  69  6:03  Drone x5  
  73  6:07  Roach x2  
  73  6:08  Roach x2  
  80  6:12  Overlord  
  80  6:13  Overlord  
  80  6:15  Extractor  
  79  6:18  Overlord  
  79  6:25  Glial Reconstitution  
  79  6:30  Overlord x2  
  79  6:32  Roach  
  89  6:33  Roach x4  
  89  6:38  Roach  
  89  6:39  Roach  
  93  6:43  Roach  
  93  6:47  Overseer, Roach x2  
  99  6:48  Roach  
  99  6:51  Roach  
  99  6:53  Roach  
  105  6:55  Overlord  
  105  6:56  Roach  
  105  6:58  Roach  
  105  7:00  Roach  
  111  7:07  Drone x3  
  111  7:08  Drone x3  
  115  7:11  Extractor  
  115  7:15  Drone x2  
  116  7:17  Extractor, Drone x2  
  116  7:19  Drone  
  118  7:25  Drone  
  119  7:31  Drone x4  
  119  7:33  Drone  
  119  7:37  Overlord x3  
  123  7:38  Overlord  
  123  7:40  Overlord  
  123  7:44  Overlord, Evolution Chamber  
Show
View Real Time Build Order
Export as new Build Order

GoGojOey Zerg 

Build Orders: Hatch First 

Get SALT Encoding   

  12  0:00  Drone  
  13  0:12  Overlord  
  13  0:17  Drone  
  14  0:30  Drone x2  
  14  0:34  Drone  
  17  0:51  Hatchery  
  17  0:54  Drone  
  17  0:57  Drone  
  18  1:08  Extractor  
  17  1:12  Spawning Pool  
  17  1:15  Drone  
  17  1:18  Drone  
  18  1:27  Drone  
  19  1:38  Overlord  
  19  1:50  Drone  
  20  1:59  Zergling x2, Queen  
  23  2:03  Queen  
  23  2:04  Drone  
  23  2:07  Metabolic Boost  
  26  2:11  Drone  
  28  2:15  Drone  
  28  2:22  Drone  
  29  2:26  Drone  
  30  2:32  Drone  
  31  2:38  Hatchery  
  31  2:42  Queen  
  32  2:47  Drone  
  32  2:49  Drone  
  34  2:53  Overlord  
  34  3:01  Zergling x4  
  36  3:13  Zergling x16  
  44  3:21  Overlord  
  44  3:27  Zergling x2, Roach Warren  
  44  3:34  Overlord  
  44  3:40  Overlord  
  44  3:43  Drone  
  44  3:50  Drone  
  42  3:57  Drone x5  
  42  4:01  Drone x3  
  47  4:03  Queen  
  47  4:09  Roach  
  50  4:12  Roach x2  
  50  4:15  Zergling x2, Roach  
  57  4:19  Roach  
  57  4:22  Zergling x4  
  59  4:26  Zergling x2  
  56  4:34  Zergling x4, Roach  
  56  4:37  Queen  
  56  4:38  Zergling x6  
  60  4:43  Zergling x2  
  60  4:44  Zergling x6  
  59  4:48  Zergling x4  
  59  4:56  Drone  
  59  4:59  Drone  
  50  5:00  Drone, Queen  
  50  5:06  Drone  
  54  5:09  Drone x2  
  56  5:16  Drone  
  56  5:18  Queen  
  56  5:20  Drone x2  
  61  5:23  Drone x2  
  61  5:27  Roach  
  60  5:29  Drone  
  60  5:34  Drone  
  62  5:36  Drone  
  62  5:37  Evolution Chamber  
  62  5:42  Drone x3  
  64  5:43  Drone  
  65  5:56  Drone x3  
  65  5:57  Drone x2  
  69  5:59  Extractor  
  69  6:00  Extractor  
  69  6:02  Drone x3  
  71  6:04  Zerg Missile Weapons Level 1  
  71  6:09  Drone x2  
  73  6:11  Overlord  
  73  6:12  Overlord  
  73  6:19  Overlord  
  73  6:23  Overlord  
  73  6:30  Lair  
  73  6:32  Drone x4  
  77  6:33  Roach  
  77  6:38  Roach x2  
  83  6:46  Drone x2  
  83  6:47  Drone, Roach x2  
  86  6:50  Extractor, Drone x2  
  86  6:51  Drone  
  92  6:56  Drone x3  
  92  6:59  Roach x4  
  102  7:02  Drone x3  
  102  7:03  Drone  
  102  7:05  Unknown  
  102  7:07  Drone  
  104  7:09  Extractor  
  104  7:12  Drone x2  
  104  7:16  Roach  
  104  7:21  Overlord  
  106  7:24  Overlord x2  
  106  7:26  Hatchery  
  106  7:29  Overlord  
  105  7:35  Overlord  
  105  7:39  Roach x4  
  105  7:40  Overlord  
  105  7:42  Roach x4  
Tags
 
Add a new tag
Caveats
  • Supply blocks, unpowered buildings, or Contaminate may cause inaccurate times.
  • Supply counts are checked every 10 seconds.